 Dungeon Crawl Stone Soup version 0.24.0-35-gdb84b6a5db (webtiles) character file.

Game seed: 12386286917505512189, levelgen mode: deterministic

75 theswoord the Chopper (level 4, -10/35 HPs)
             Began as a Mummy Fighter on Nov 20, 2019.
             Killed by divine providence
             ... invoked by an orc priest
              (12 damage)
             ... on level 3 of the Dungeon.
             The game lasted 00:01:33 (1234 turns).

theswoord the Chopper (Mummy Fighter)               Turns: 1234, Time: 00:01:35

Health: -10/35     AC:  6    Str: 19    XL:     4   Next: 11%
Magic:  4/4        EV:  7    Int:  7    God:
Gold:   66         SH:  8    Dex: 12    Spells: 3/3 levels left

rFire    x . .     SeeInvis .   a - +0 war axe
rCold    + . .     Gourm    .   c - +0 shield
rNeg     + + +     Faith    .   b - +0 scale mail
rPois    ∞         Spirit   .   (no helmet)
rElec    .         Reflect  .   (no cloak)
rCorr    .         Harm     .   (no gloves)
MR       .....                  (no boots)
Stlth    ..........             (no amulet)
HPRegen  0.11/turn              (no ring)
MPRegen  0.09/turn              (no ring)

@: no status effects
A: no food or potions, fire vulnerability, cold resistance 1, negative energy
resistance 3, torment resistance, unbreathing
a: no special abilities


You were on level 3 of the Dungeon.
You were not hungry.

You visited 1 branch of the dungeon, and saw 3 of its levels.

You collected 66 gold pieces.

Inventory:

Hand Weapons
 a - a +0 war axe (weapon)
Armour
 b - a +0 scale mail (worn)
 c - a +0 shield (worn)
Jewellery
 i - a +2 ring of evasion {unknown}
Scrolls
 d - 4 scrolls of remove curse {unknown}
 e - a scroll of identify {unknown}
 f - a scroll of immolation {unknown}
 g - a scroll of enchant weapon {unknown}
 h - a scroll of teleportation {unknown}
 j - a scroll of amnesia {unknown}
 k - a scroll of enchant armour {unknown}


   Skills:
 - Level 3.0 Fighting
 + Level 3.6 Axes
 - Level 2.4 Armour
 - Level 2.4 Shields


You had 3 spell levels left.
You didn't know any spells.
Your spell library was empty.

Dungeon Overview and Level Annotations

Branches:
Dungeon (3/15)

Altars:
Dithmenos
Fedhas
Vehumet

Annotations:
D:3 1 transporter


Innate Abilities, Weirdness & Mutations

You do not eat or drink.
Your flesh is vulnerable to fire.
You are immune to poison.
Your flesh is cold resistant. (rC+)
You are immune to negative energy. (rN+++)
You are immune to unholy pain and torment.
You can survive without breathing.


Message History

You hit the orc priest.
The orc wizard hits you with a +0 dagger.
* * * LOW HITPOINT WARNING * * *
The orc wizard hits you but does no damage.
The orc priest barely misses you.
Your shield prevents you from hitting the orc wizard.
The orc wizard is severely wounded.
You hit the orc priest.
The orc wizard hits you with a +0 dagger.
* * * LOW HITPOINT WARNING * * *
You block the orc priest's attack.
The orc wizard hits you but does no damage.
You hit the orc wizard.
The orc wizard is almost dead.
You closely miss the orc priest.
The orc wizard hits you with a +0 dagger.
* * * LOW HITPOINT WARNING * * *
The orc priest mumbles some strange prayers to Beogh against you.
Beogh smites you!
You die...

# # .# . #.#
##. ...
..##.#
..#####....#
......)oo..#
#@####.#
#......#
#..#####
#.....# ###
##.##.#
....> #.##.#
.....##.##.#
#...##.##.#
##..##.##.#


You could see an orc priest and an orc wizard.

Vanquished Creatures
  A worker ant (D:3)
  An ooze (D:1)
  A leopard gecko (D:3)
  7 orcs (D:3)
  5 bats
  4 giant cockroaches
  6 goblins
  4 hobgoblins
  A quokka (D:3)
  3 frilled lizards
  2 kobolds (D:1)
  2 rats
37 creatures vanquished.

Notes
Turn   | Place    | Note
-------+----------+-------------------------------------------
     0 | D:1      | theswoord the Mummy Fighter began the quest for the Orb.
     0 | D:1      | Reached XP level 1. HP: 18/18 MP: 1/1
    40 | D:1      | Reached XP level 2. HP: 17/24 MP: 2/2
   539 | D:2      | Found a blossoming altar of Fedhas.
   593 | D:2      | Found a shadowy altar of Dithmenos.
   694 | D:2      | Found a radiant altar of Vehumet.
   707 | D:2      | Reached XP level 3. HP: 28/29 MP: 3/3
  1161 | D:3      | Found a transporter.
  1224 | D:3      | Reached XP level 4. HP: 35/35 MP: 4/4
  1234 | D:3      | Killed from afar by an orc priest

Skill      XL: |  1  2  3 |
---------------+----------+-----
Axes           | 2 3 |  3.6
Fighting       | |  3.0
Armour         | |  2.4
Shields        | |  2.4

Action                   |  1- 3 |  4- 6 || total
-------------------------+-------+-------++-------
Melee: War axe           |    96 |    10 ||   106
Armor: Scale mail        |    50 |     5 ||    55
Dodge: Dodged            |    38 |     2 ||    40
Block: Shield            |    62 |     6 ||    68

Levels and vault maps discovered:
D:1:      tarquinn_simple_flora_water_e, layout_rooms
D:2:      layout_basic, grunt_dithmenos_smoke_and_mirrors,
          nicolae_overflow_crystal_walls, fedhas_ov_isle_minmay
D:3:      gammafunk_wand_slinger, layout_basic
